 Dungeon Crawl Stone Soup version 0.27-a0-1154-gfdeffcb720 (webtiles) character file.

Game seed: 6280695848303943666

12 voltaire321 the Ducker (level 2, 0/23 HPs)
             Began as a Merfolk Gladiator on May 14, 2021.
             Succumbed to an adder's poison
             ... on level 2 of the Dungeon.
             The game lasted 00:01:38 (193 turns).

voltaire321 the Ducker (Merfolk Gladiator)           Turns: 193, Time: 00:01:39

Health: 0/23       AC:  4    Str: 14    XL:     2   Next: 33%
Magic:  2/2        EV: 13    Int:  7    God:
Gold:   13         SH:  0    Dex: 15    Spells: 1/1 levels left

rFire    . . .     SeeInvis .   a - +0 long sword
rCold    . . .     Faith    .   (no shield)
rNeg     . . .     Spirit   .   b - +0 leather armour
rPois    .         Reflect  .   c - +0 helmet
rElec    .         Harm     .   (no cloak)
rCorr    .         Rampage  .   (no gloves)
Will     .....                  (no boots)
Stlth    +.........             (no amulet)
HPRegen  0.07/turn              (no ring)
MPRegen  0.08/turn              (no ring)

@: lethally poisoned (0 -> -1)
A: (nimble swimmer 2), mertail
a: no special abilities


You were on level 2 of the Dungeon.
You visited 1 branch of the dungeon, and saw 2 of its levels.

You collected 13 gold pieces.

Inventory:

Hand Weapons
 a - a +0 long sword (weapon)
Missiles
 d - 3 throwing nets (quivered)
Armour
 b - a +0 leather armour (worn)
 c - a +0 helmet (worn)
Scrolls
 e - a scroll of immolation {unknown}


   Skills:
 + Level 2.4 Fighting
 + Level 3.5 Long Blades
 + Level 2.2 Throwing
 + Level 4.2 Dodging


You had one spell level left.
You didn't know any spells.
Your spell library was empty.

Dungeon Overview and Level Annotations

Branches:
Dungeon (1/15)

Altars:

Shops:
D:2 =


Innate Abilities, Weirdness & Mutations

((You are quick and stealthy near water. (Stealth+, EV+, Speed+++)))
Your lower body shifts to a powerful aquatic tail in water.


Message History

There is an entrance to Zugaininn's Jewellery Boutique here.
You can access your shopping list by pressing '$'.
The adder hisses angrily.
An adder is nearby!
You closely miss the adder. The adder bites you but does no damage.
The adder bites you.
You closely miss the adder. The adder misses you.
You hit the adder.
The adder is heavily wounded.
The adder barely misses you.
You riposte.
You barely miss the adder.
The adder is heavily wounded.
The adder barely misses you.
You riposte.
You barely miss the adder.
The adder is heavily wounded.
You closely miss the adder.
The adder is heavily wounded.
The adder misses you.
You closely miss the adder.
The adder is heavily wounded.
The adder bites you but does no damage. The adder bites you.
You are poisoned.
The adder poisons you!
You hit the adder.
The adder is severely wounded.
You feel sick. The adder bites you. x2
You miss the adder.
The adder is severely wounded.
You feel sick. The adder bites you.
* * * LOW HITPOINT WARNING * * *
A hobgoblin comes into view.
You hit the adder.
You kill the adder!
* * * LOW HITPOINT WARNING * * *
You feel sick.
You have reached level 2!
You aren't carrying any potions.
* * * LOW HITPOINT WARNING * * *
You feel sick.
You slash the hobgoblin!
You kill the hobgoblin!
You die...

..................#
#....∩....#####
#.##.####.....#
#.####.###.#
#......# #.#
#.####.# #.#
#..###.. .)#
#...##.# ###
#.#@##.#.#
...#.†....#
#..#####...... ##.
...### # #.# .!.
?.# ##


There were no monsters in sight!

Vanquished Creatures
  An adder (D:2)
  2 ball pythons (D:1)
  A hobgoblin (D:2)
  A kobold (D:1)
5 creatures vanquished.

Notes
Turn   | Place    | Note
-------+----------+-------------------------------------------
     0 | D:1      | voltaire321 the Merfolk Gladiator began the quest for the
                  | Orb.
     0 | D:1      | Reached XP level 1. HP: 16/16 MP: 1/1
   166 | D:1      | You fall into a shaft and drop 1 floor!
   167 | D:2      | Found Zugaininn's Jewellery Boutique.
   192 | D:2      | Reached XP level 2. HP: 2/23 MP: 2/2
   192 | D:2      | HP: 1/23 [poisoned by an adder]
   193 | D:2      | Succumbed to an adder's poison

Illustrated notes

Levels and vault maps discovered:
D:1:      minmay_arrival_solitary_statue, layout_loops_ring,
          ebering_ecumenical_altar_hall, minmay_octomino_c4
D:2:      layout_loops_ring, serial_shops, shop, chequers_serial_rivers_micro_e,
          minmay_cupped

Action                   || total
-------------------------++-------
Melee: Long sword        ||    14
Armor: Leather armour    ||     2
Dodge: Dodged            ||     8
       Rpst.: Long sword ||     4

Table legend: (Time is in decaauts)
 A = Elapsed time spent in this place.
 B = Non-inter-level travel time spent in this place.
 C = Inter-level travel time spent in this place.
 D = Time resting spent in this place.
 E = Time spent auto-exploring this place.
 F = Levels seen in this place.
 G = Mean time per level.
                   A        B        C        D        E       F      G
               +--------+--------+--------+--------+--------+-----+--------+
         Total |    196 |    196 |      0 |      0 |    157 |   2 |   98.0 |
       Dungeon |    196 |    196 |      0 |      0 |    157 |   2 |   98.0 |
               +--------+--------+--------+--------+--------+-----+--------+

Top non-repeatable levels by time:
     D:1: 167 daAuts
     D:2: 28 daAuts
